 Dungeon Crawl Stone Soup version 0.26-a0-30-g56b8cd3df0 (webtiles) character file.

Game seed: 15654359212911107282, levelgen mode: deterministic

24266 vurker the Eclecticist (level 12, -4/73 HPs)
             Began as a Deep Elf Conjurer on May 30, 2020.
             Was an Elder of Vehumet.
             Killed from afar by a manticore (11 damage)
             ... with a volley of spikes
             ... on level 4 of the Lair of Beasts.
             The game lasted 00:28:40 (18197 turns).

vurker the Eclecticist (Deep Elf Conjurer)         Turns: 18197, Time: 00:28:41

Health: -4/73      AC:  6    Str: 11    XL:     12   Next: 79%
Magic:  18/43      EV: 19    Int: 26    God:    Vehumet [****..]
Gold:   956        SH:  5    Dex: 15    Spells: 36/43 levels left

rFire    + . .     SeeInvis .   y - +1 dagger (venom)
rCold    + . .     Gourm    .   G - +0 buckler
rNeg     + . .     Faith    .   H - +2 robe {rC+ rF+}
rPois    .         Spirit   .   (no helmet)
rElec    .         Reflect  .   (no cloak)
rCorr    .         Harm     .   q - +0 pair of gloves
MR       +++..                  F - +0 pair of boots
Stlth    +.........             C - amulet of regeneration
HPRegen  0.62/turn              i - ring of magical power
MPRegen  0.28/turn              t - ring "Litteq" {rN+ MR++ Str+6 Slay-6}

@: barbed spikes, very slow
A: no striking features
a: Renounce Religion


You were on level 4 of the Lair of Beasts.
You worshipped Vehumet.
Vehumet was greatly pleased with you.
You were not hungry.

You visited 3 branches of the dungeon, and saw 16 of its levels.
You also visited: Ossuary.

You collected 1130 gold pieces.
You spent 174 gold pieces at shops.

Inventory:

Hand Weapons
 y - a +1 dagger of venom (weapon)
   (You took it off an orc priest on level 6 of the Dungeon)
Missiles
 E - 2 throwing nets (quivered)
Armour
 q - a +0 pair of gloves (worn)
   (You found it on level 3 of the Dungeon)
 F - a +0 pair of boots (worn)
   (You found it on level 11 of the Dungeon)
 G - a +0 buckler (worn)
   (You took it off a gnoll on level 9 of the Dungeon)
 H - a +2 robe of resistance (worn)
   (You took it off Nergalle on level 10 of the Dungeon)
Jewellery
 i - a ring of magical power (left hand)
   (You found it on level 2 of the Dungeon)
 n - an uncursed ring of protection from fire
   (You found it on level 2 of the Dungeon)
 t - the ring "Litteq" (right hand) {rN+ MR++ Str+6 Slay-6}
   (You found it on level 10 of the Dungeon)

   [ring of strength]

   It affects your strength (+6).
   It affects your accuracy and damage with ranged weapons and melee attacks
   (-6).
   It protects you from negative energy.
   It affects your resistance to hostile enchantments.
 C - an amulet of regeneration (around neck)
   (You found it on level 6 of the Dungeon)
Wands
 c - a wand of disintegration (16)
   (You found it on level 11 of the Dungeon)
 u - a wand of clouds (3)
   (You found it on level 4 of the Dungeon)
 x - a wand of acid (1)
   (You found it on level 2 of the Dungeon)
Scrolls
 a - 2 scrolls of immolation
 b - a scroll of blinking
 m - a scroll of fog
 o - a scroll of enchant armour
 p - a scroll of enchant weapon
 s - 9 scrolls of teleportation
 w - 3 scrolls of magic mapping
 A - 4 scrolls of remove curse
 D - a scroll of fear
 I - 3 scrolls of identify
Potions
 d - 6 potions of flight
 f - 2 potions of lignification
 g - 5 potions of haste
 h - a potion of mutation
 j - 2 potions of brilliance
 k - 7 potions of magic
 l - a potion of invisibility
 r - a potion of resistance
 v - 4 potions of ambrosia
 z - 7 potions of curing
 B - a potion of heal wounds
Comestibles
 e - 28 rations
 J - 4 chunks of flesh


   Skills:
 + Level 7.7 Fighting
 - Level 10.0 Dodging
 - Level 2.4 Stealth
 - Level 4.0 Shields
 * Level 16.1 Spellcasting
 + Level 13.1 Conjurations


You had 36 spell levels left.
You knew the following spells:

 Your Spells              Type           Power        Failure   Level  Hunger
a - Magic Dart            Conj           ####         0%          1    None
b - Searing Ray           Conj           ######       0%          2    None
c - Iskenderun's Mystic   Conj/Tloc      ######..     1%          4    None

Your spell library contained the following spells:

 Spells                   Type           Power        Failure   Level  Hunger
 Inner Flame              Hex/Fire       ###.....     2%          3    None
 Sandblast                Erth           ###...       1%          1    None
 Conjure Flame            Conj/Fire      ######..     1%          3    None
 Dazzling Flash           Conj/Hex       ######       1%          3    None
 Mephitic Cloud           Conj/Pois/Air  #####...     1%          3    None
 Fulminant Prism          Conj/Hex       ######....   1%          4    None
 Beastly Appendage        Tmut           ###...       2%          1    None
 Corona                   Hex            ###....      2%          1    None
 Blink                    Tloc           N/A          3%          2    None
 Call Imp                 Summ           ###.....     3%          2    None
 Ensorcelled Hibernation  Hex/Ice        ###...       3%          2    None
 Passwall                 Tmut/Erth      ###.....     3%          2    None
 Slow                     Hex            ###.....     3%          2    None
 Sticks to Snakes         Tmut           ###.....     3%          2    None
 Bolt of Magma            Conj/Fire/Erth #####.....   3%          5    None
 Confusing Touch          Hex            ###.....     8%          3    None
 Spider Form              Tmut/Pois      ###.......   8%          3    None
 Tukima's Dance           Hex            ###.....     8%          3    None
 Ice Form                 Ice/Tmut       ###.....     24%         4    None
 Blade Hands              Tmut           ###.......   56%         5    None
 Borgnjor's Vile Clutch   Necr/Erth      ###.......   56%         5    None
 Darkness                 Hex            ###.......   98%         6    ####...


Dungeon Overview and Level Annotations

Branches:
Dungeon (11/15)            Temple (1/1) D:5            Lair (4/6) D:11
 Spider (0/4) Lair:3          Orc (0/2) D:9         Ossuary (visited)
  Swamp: Lair:2-4    Shoals: Lair:2-4

Altars:
Ashenzari
Cheibriados
Dithmenos
Elyvilon
Fedhas
Hepliaklqana
Kikubaaqudgha
Makhleb
Nemelex Xobeh
Okawaru
Qazlal
Ru
Sif Muna
Trog
Uskayaw
Vehumet
Wu Jian
Xom
Yredelemnul
Zin
The Shining One

Shops:
D:8 ?

Annotations:
Lair:3 1 runed translucent door, Sygruoh's ghost, journeyman TeAE


Message History

The searing ray hits the catoblepas. (Press . to maintain the ray.)
The searing ray hits the catoblepas.
You block the catoblepas's attack.
Aim: a catoblepas (severely wounded)
The searing ray hits the catoblepas but does no damage. (Press . to maintain the ray.)
The catoblepas completely misses you.
The searing ray hits the catoblepas but does no damage.
The catoblepas misses you.
The manticore flicks its tail.
The volley of spikes hits you!!
The barbed spikes become lodged in your body.
The searing ray hits the catoblepas.
The catoblepas gores you.
The manticore flicks its tail.
The volley of spikes hits you!
The barbed spikes become lodged in your body.
You erupt in a blast of force!
The mystic blast hits the catoblepas!
The catoblepas is knocked back by the mystic blast.
The manticore flicks its tail.
The volley of spikes hits you!!
The barbed spikes become lodged in your body.
* * * LOW HITPOINT WARNING * * *
The catoblepas breathes a plume of calcifying dust at you.
The blast of calcifying dust hits you.
* * * LOW HITPOINT WARNING * * *
The barbs in your skin will harm you if you move.
Continue?
The barbed spikes dig painfully into your body as you move.
* * * LOW HITPOINT WARNING * * *
Aim: a catoblepas (almost dead)
You create a blast of poison gas!
The catoblepas is engulfed in poison gas.
The catoblepas is poisoned.
The catoblepas breathes a plume of calcifying dust at you.
The blast of calcifying dust hits you.
* * * LOW HITPOINT WARNING * * *
The manticore is engulfed in poison gas.
The manticore is poisoned.
You enter the shallow water.
Moving in this stuff is going to be slow.
The barbed spikes dig painfully into your body as you move.
* * * LOW HITPOINT WARNING * * *
You kill the catoblepas!
Vehumet accepts your kill.
You feel your power returning.
The manticore is engulfed in poison gas.
The manticore looks even sicker.
The manticore flicks its tail.
The volley of spikes hits you!
The barbed spikes become lodged in your body.
You die...

#....#...##.##...#
#....#.!≈≈#.#≈≈$.#
#....#.≈..≈.≈..≈.#
#... #≈.§§§§..≈#
#≈§§§§.≈#
#.§§§§H.#
##≈§§§§§≈##
#≈...§§☼§≈##
#.≈..≈.≈§§@.#
#!$≈≈#.#≈§§.#
#...##.##.§§# ####
...##### .... ....
...


You could see a manticore (very poisoned).

Vanquished Creatures
  Snorg (D:10)
  Josephine (D:10)
  A catoblepas (Lair:4)
  Harold (D:8)
  2 two-headed ogres (D:9)
  Nergalle (D:10)
  An unseen horror (D:11)
  A deep elf mage (D:10)
  A manticore (Lair:4)
  A black mamba (Lair:4)
  A torpor snail (Lair:3)
  3 spiny frogs
  4 komodo dragons
  2 trolls
  A jumping spider (Lair:3)
  8 hippogriffs
  5 dream sheep
  A spriggan (D:10)
  5 wraiths (D:10)
  A redback (Lair:3)
  18 yaks
  2 wyverns (D:11)
  2 basilisks
  2 steam dragons (D:7)
  3 wargs
  3 hungry ghosts
  8 water moccasins
  9 porcupines
  3 orc warriors
  An eye of draining (D:6)
  2 phantoms
  A sky beast (D:9)
  2 ice beasts
  A necrophage (D:3)
  3 ogres
  4 crocodiles
  2 big kobolds
  16 bullfrogs
  A water moccasin zombie (D:9)
  2 scorpions
  4 killer bees (D:8)
  4 wights (D:10)
  3 electric eels (Lair:2)
  5 howler monkeys
  3 crimson imps
  A quasit (D:11)
  3 centaur zombies
  A jelly (D:10)
  8 orc priests
  6 hounds
  2 centaur skeletons
  Natasha (thrice) (D:2)
  2 iguanas
  19 orc wizards
  8 worker ants
  2 big kobold zombies (Ossuary)
  8 mummies (Ossuary)
  A hound skeleton (D:11)
  A worker ant zombie (D:11)
  A howler monkey skeleton (D:9)
  4 gnolls
  10 adders
  A shadow imp (D:11)
  2 adder zombies
  7 worms
  A dart slug (D:1)
  4 leopard geckos
  46 orcs
  2 ball pythons
  6 giant cockroaches
  6 goblins
  6 hobgoblins
  2 jackals (D:9)
  3 quokkas
  A ball python skeleton (D:4)
  4 bats
  4 frilled lizards
  3 hobgoblin zombies (Ossuary)
  20 kobolds
  A kobold zombie (Ossuary)
  2 orc zombies (Ossuary)
  6 rats
  3 fungi (Lair:2)
  A plant (Lair:2)
357 creatures vanquished.

Vanquished Creatures (others)
  A fungus (Lair:3)
  2 plants
3 creatures vanquished.

Grand Total: 360 creatures vanquished

Notes
Turn   | Place    | Note
-------+----------+-------------------------------------------
     0 | D:1      | vurker the Deep Elf Conjurer began the quest for the Orb.
     0 | D:1      | Reached XP level 1. HP: 10/10 MP: 6/6
    16 | D:1      | Noticed a five-headed hydra
    16 | D:1      | Noticed a polar bear
    16 | D:1      | Noticed an anaconda
    16 | D:1      | Noticed a worker ant
   347 | D:1      | Reached XP level 2. HP: 16/16 MP: 2/8
   914 | D:1      | Reached XP level 3. HP: 20/20 MP: 8/10
  1414 | D:2      | Learned a level 2 spell: Searing Ray
  1525 | D:2      | Reached skill level 4 in Spellcasting
  1525 | D:2      | Reached skill level 5 in Conjurations
  1605 | D:2      | Reached skill level 1 in Fighting
  2002 | D:2      | Reached XP level 4. HP: 25/25 MP: 12/12
  2279 | D:2      | Noticed Natasha
  2282 | D:2      | Killed Natasha
  2575 | D:2      | Noticed Natasha
  2581 | D:2      | Killed Natasha
  3283 | D:2      | Noticed Natasha
  3286 | D:2      | Killed Natasha
  3286 | D:2      | Reached skill level 5 in Spellcasting
  3286 | D:2      | Reached XP level 5. HP: 29/29 MP: 14/14
  4072 | D:3      | Noticed a necrophage
  4078 | D:3      | Killed a necrophage
  4078 | D:3      | Reached skill level 6 in Spellcasting
  4078 | D:3      | Reached XP level 6. HP: 35/35 MP: 17/17
  4741 | D:4      | Reached XP level 7. HP: 40/40 MP: 19/19
  4993 | D:4      | Reached skill level 7 in Spellcasting
  5252 | D:4      | Found a sand-covered staircase.
  5265 | Ossuary  | Entered an ossuary
  5786 | D:5      | Entered Level 5 of the Dungeon
  5971 | D:5      | Found an iron altar of Okawaru.
  6211 | D:5      | Reached skill level 8 in Spellcasting
  6360 | D:5      | Found a staircase to the Ecumenical Temple.
  6367 | D:5      | Reached XP level 8. HP: 46/46 MP: 22/22
  6524 | Temple   | Entered the Ecumenical Temple
  6633 | Temple   | Became a worshipper of Vehumet
  7266 | D:6      | Learned a level 4 spell: Iskenderun's Mystic Blast
  7277 | D:6      | Reached skill level 9 in Spellcasting
  7355 | D:6      | Noticed a troll
  7362 | D:6      | Killed a troll
  7585 | D:7      | Found an ancient bone altar of Kikubaaqudgha.
  7719 | D:7      | Found a stormy altar of Qazlal.
  7870 | D:7      | Reached skill level 10 in Spellcasting
  7874 | D:7      | Reached XP level 9. HP: 51/52 MP: 22/25
  7996 | D:7      | Found a blossoming altar of Fedhas.
  8636 | D:8      | Reached * piety under Vehumet
  8636 | D:8      | Offered knowledge of Sandblast by Vehumet.
  8771 | D:8      | Found Qingi's Magic Scroll Shoppe.
  8778 | D:8      | Bought a scroll of identify for 24 gold pieces
  8778 | D:8      | Bought a scroll of teleportation for 36 gold pieces
  8778 | D:8      | Bought a scroll of teleportation for 36 gold pieces
  8778 | D:8      | Bought a scroll of teleportation for 36 gold pieces
  8778 | D:8      | Bought a scroll of fear for 42 gold pieces
  8845 | D:8      | Noticed Harold
  8862 | D:8      | Killed Harold
  8862 | D:8      | Reached skill level 11 in Spellcasting
  8862 | D:8      | Reached skill level 10 in Conjurations
  9160 | D:8      | Reached skill level 5 in Fighting
  9775 | D:9      | Reached skill level 12 in Spellcasting
  9775 | D:9      | Reached XP level 10. HP: 59/59 MP: 28/28
  9898 | D:9      | Found a hide-covered altar of Uskayaw.
  9898 | D:9      | Found a glowing golden altar of the Shining One.
  9955 | D:9      | Noticed a two-headed ogre
  9963 | D:9      | Killed a two-headed ogre
 10020 | D:9      | Noticed a two-headed ogre
 10027 | D:9      | Killed a two-headed ogre
 10034 | D:9      | Reached skill level 13 in Spellcasting
 10042 | D:9      | Offered knowledge of Shock by Vehumet.
 10188 | D:9      | Reached ** piety under Vehumet
 10451 | D:9      | Found a staircase to the Orcish Mines.
 11329 | D:10     | Entered Level 10 of the Dungeon
 11579 | D:10     | Reached skill level 1 in Shields
 11617 | D:10     | Noticed Nergalle
 11630 | D:10     | Killed Nergalle
 11757 | D:10     | Noticed a deep elf mage
 11787 | D:10     | Killed a deep elf mage
 11802 | D:10     | Noticed Josephine
 11813 | D:10     | Reached XP level 11. HP: 51/64 MP: 20/30
 11822 | D:10     | Killed Josephine
 11997 | D:10     | Reached skill level 5 in Dodging
 12068 | D:10     | Noticed Snorg
 12078 | D:10     | Killed Snorg
 12174 | D:10     | Reached skill level 14 in Spellcasting
 12300 | D:10     | Identified the Guide on Earthen Hexes
 12458 | D:10     | Got a fine steel ring
 12552 | D:10     | Offered knowledge of Static Discharge by Vehumet.
 12679 | D:10     | Found a blossoming altar of Fedhas.
 13059 | D:11     | Found a staircase to the Lair.
 13139 | D:11     | Reached *** piety under Vehumet
 13268 | D:10     | Identified the ring "Litteq" {rN+ MR++ Str+6 Slay-6} (You
                  | found it on level 10 of the Dungeon)
 13298 | D:11     | Killed an unseen horror
 13571 | D:11     | Offered knowledge of Airstrike by Vehumet.
 14557 | Lair:1   | Entered Level 1 of the Lair of Beasts
 15266 | Lair:1   | Reached XP level 12. HP: 71/71 MP: 7/32
 15419 | Lair:2   | Reached **** piety under Vehumet
 15598 | Lair:2   | Reached skill level 15 in Spellcasting
 15917 | Lair:2   | Got a twisted helmet
 15923 | Lair:2   | Identified the cursed +0 helmet of the Farrier {Harm *Drain
                  | Regen+ Dex+4} (You found it on level 2 of the Lair of
                  | Beasts)
 16616 | Lair:2   | Offered knowledge of Inner Flame by Vehumet.
 17193 | Lair:3   | Found a hole to the Spider Nest.
 17489 | Lair:3   | Found a runed translucent door.
 17561 | Lair:3   | Noticed Sygruoh's ghost (journeyman TeAE)
 17563 | Lair:3   | Identified the +11 trident "Qeerefiw" {speed, Fragile MR+
                  | Dex+2}
 17948 | Lair:4   | Noticed a catoblepas
 17948 | Lair:4   | Noticed a catoblepas
 18063 | Lair:4   | Reached skill level 16 in Spellcasting
 18067 | Lair:4   | HP: 3/72 [barbs]
 18099 | Lair:3   | Reached skill level 10 in Dodging
 18197 | Lair:4   | Killed a catoblepas
 18197 | Lair:4   | Killed from afar by a manticore

Illustrated notes

Levels and vault maps discovered:
D:1:      onia_arrival_zoo_common, layout_basic, minmay_tromino_v2
D:2:      layout_basic, uniq_natasha
D:3:      layout_basic, hangedman_abyss_or_decor_lesser_grid
D:4:      layout_rooms, nicolae_ossuary_entry_monument
D:5:      layout_basic, lemuel_crystal_altar, minmay_temple_entry_junction,
          first_ration
D:6:      layout_rooms, minmay_a_box_with_orc_wizards_in_it
D:7:      kennysheep_steamy, layout_loops_corners,
          nicolae_overflow_crystal_walls, old_standard_altar,
          fedhas_altar_fruit_tree
D:8:      layout_loops_ring, serial_shops, shop, uniq_harold
D:9:      layout_layer_cave, nicolae_overflow_hidden_temple, orc_0_dummy
D:10:     layout_layer_cave, basic_altar, hangedman_stone_soup, uniq_josephine,
          uniq_snorg, uniq_nergalle
D:11:     layout_irregular_city, erik_lair_orcish_takeover,
          kennysheep_generic_room_9
Temple:   nicolae_temple_elliptical
Lair:1:   layout_roguey, minivault_27
Lair:2:   layout_regular_city, wad_woods_river_01
Lair:3:   layout_chaotic_city, spider_nest_entry_a, ebering_ghost_funeral_grove
Lair:4:   nzn_motion_control, layout_hall_layers, minmay_swamp_entry_eels,
          nicolae_volcano_entry_vermiform

Skill      XL: |  1  2  3  4  5  6  7  8  9 10 11 12 |
---------------+-------------------------------------+-----
Spellcasting   | 4 5 6 8 10 12 13 14 16 | 16.1
Conjurations   | 5 6 7 9 10 11 12 13 | 13.1
Fighting       | 1 2 3 4 5 6 7 |  7.7
Dodging        | 4 7 10 | 10.0
Shields        | 2 4 |  4.0
Stealth        | |  2.4

Action                   |  1- 3 |  4- 6 |  7- 9 | 10-12 || total
-------------------------+-------+-------+-------+-------++-------
Melee: Unarmed           |     2 |       |       |       ||     2
       Dagger            |       |       |     3 |    25 ||    28
 Cast: Magic Dart        |    69 |    68 |   122 |   211 ||   470
       Searing Ray       |     1 |    14 |    77 |   163 ||   255
       Iskenderun's Myst |       |       |     7 |    96 ||   103
Evoke: Wand              |       |       |     5 |     4 ||     9
  Use: Scroll            |     5 |     2 |    13 |     6 ||    26
       Potion            |       |       |     2 |       ||     2
  Eat: Chunk             |     3 |     8 |    15 |    27 ||    53
Armor: Robe              |     1 |     2 |     6 |    25 ||    34
       Steam dragon scal |       |       |    18 |    10 ||    28
Dodge: Dodged            |     5 |     6 |    67 |   127 ||   205
Block: Buckler           |       |       |       |    31 ||    31

Table legend:
 A = Non-vault XP
 B = Vault XP
 C = Vault XP percentage of total XP
 D = Non-vault monster count
 E = Vault monster count
 F = Vault count percentage of total count
                 A         B        C        D         E       F
            +---------+---------+-------+---------+---------+-------
      Total |   23837 |   10830 |  31.2 |     298 |      55 |  15.6
            +---------+---------+-------+---------+---------+-------
        D:1 |      46 |       2 |   4.2 |      22 |       1 |   4.3
        D:2 |     143 |      36 |  20.1 |      17 |       1 |   5.6
        D:3 |     247 |       0 |   0.0 |      24 |       0 |   0.0
        D:4 |     411 |       0 |   0.0 |      19 |       0 |   0.0
        D:5 |     385 |       0 |   0.0 |      15 |       0 |   0.0
        D:6 |     769 |     120 |  13.5 |      12 |       3 |  20.0
        D:7 |     219 |     364 |  62.4 |       5 |       2 |  28.6
        D:8 |    1567 |     955 |  37.9 |      30 |       1 |   3.2
        D:9 |    3165 |       0 |   0.0 |      33 |       0 |   0.0
       D:10 |    2237 |    5207 |  69.9 |      28 |      14 |  33.3
       D:11 |    3517 |     711 |  16.8 |      37 |       8 |  17.8
     Lair:1 |    1429 |       0 |   0.0 |       9 |       0 |   0.0
     Lair:2 |    4178 |    1224 |  22.7 |      22 |       5 |  18.5
     Lair:3 |    4685 |     513 |   9.9 |      21 |       2 |   8.7
     Lair:4 |     839 |    1494 |  64.0 |       4 |       2 |  33.3
    Ossuary |       0 |     204 | 100.0 |       0 |      16 | 100.0
            +---------+---------+-------+---------+---------+-------
